Map: Dreamcatcher LE

Players

ShoWTimE

  • Race: Protoss Protoss
  • Spawn Location: 5:00

Zest - Winner!

  • Race: Protoss Protoss
  • League: Master
  • Spawn Location: 11:00

Event: HomeStory Cup XVIII

VOD

Have the link to the VOD?

Description

Time

  • Played on: Nov. 24, 2018, 1:41 p.m.
  • Length: 7:01

All games in this series

Show
View Real Time Build Order
Export as new Build Order

ShoWTimE Protoss 

Build Orders: Phoenix Opening, Mass Phoenix 

Get SALT Encoding   

  12  0:00  Probe  
  13  0:12  Probe  
  14  0:17  Pylon  
  14  0:23  Probe  
  15  0:31  Probe  
  15  0:38  Gateway  
  15  0:39  Probe  
  16  0:46  Assimilator  
  17  0:50  Probe  
  17  0:54  Assimilator  
  18  0:58  Probe  
  19  1:06  Probe  
  20  1:11  Gateway  
  20  1:17  Probe  
  21  1:25  Cybernetics Core  
  21  1:29  Probe  
  22  1:35  Pylon  
  22  1:41  Probe  
  23  1:53  Probe  
  24  2:02  Stalker, Sentry, Warp Gate  
  28  2:11  Pylon  
  28  2:29  Stargate  
  28  2:35  Phoenix  
  27  2:37  Stalker  
  29  2:53  Nexus  
  29  3:03  Probe  
  32  3:06  Phoenix  
  30  3:15  Probe  
  33  3:28  Phoenix, Probe  
  33  3:31  Pylon  
  36  3:38  Probe  
  37  3:46  Probe  
  37  3:50  Assimilator  
  37  3:53  Phoenix  
  37  3:54  Probe  
  40  4:02  Probe  
  41  4:03  Stargate  
  41  4:04  Probe  
  43  4:10  Probe  
  43  4:12  Probe  
  45  4:20  Phoenix  
  45  4:22  Probe  
  45  4:23  Probe  
  49  4:34  Probe  
  49  4:35  Probe  
  51  4:38  Assimilator  
  51  4:45  Phoenix  
  53  4:46  Probe  
  53  4:47  Probe  
  53  4:51  Phoenix  
  57  4:58  Probe  
  57  4:59  Probe  
  59  5:02  Pylon  
  59  5:10  Probe  
  59  5:11  Probe  
  61  5:17  Fleet Beacon  
  61  5:19  Phoenix  
  61  5:22  Probe  
  61  5:23  Probe  
  65  5:33  Pylon  
  65  5:34  Phoenix, Probe  
  66  5:40  Phoenix  
  70  5:51  Anion Pulse-Crystals  
  70  5:52  Phoenix  
  70  5:56  Pylon  
  72  6:06  Phoenix  
  74  6:14  Nexus  
  74  6:16  Probe  
  74  6:17  Probe  
  76  6:20  Phoenix  
  78  6:27  Pylon  
  78  6:28  Probe  
  78  6:29  Probe  
  78  6:40  Probe  
  78  6:41  Probe  
  74  6:58  Stalker  
Show
View Real Time Build Order
Export as new Build Order

Zest Protoss - Winner!

Build Orders: Phoenix Opening, Mass Phoenix 

Get SALT Encoding   

  12  0:00  Probe  
  13  0:12  Probe  
  14  0:17  Pylon  
  14  0:24  Probe  
  15  0:32  Probe  
  15  0:36  Gateway  
  15  0:40  Probe  
  16  0:45  Assimilator  
  17  0:51  Probe  
  17  0:54  Assimilator  
  18  1:00  Probe  
  19  1:07  Gateway  
  19  1:08  Probe  
  19  1:17  Probe  
  20  1:23  Cybernetics Core  
  21  1:29  Probe  
  22  1:35  Pylon  
  22  1:41  Probe  
  23  1:53  Probe  
  24  1:59  Stalker, Sentry  
  24  2:00  Warp Gate  
  28  2:09  Pylon  
  28  2:32  Phoenix  
  28  2:33  Stargate  
  28  2:42  Nexus  
  28  2:47  Probe  
  29  2:53  Stalker  
  31  3:04  Probe  
  34  3:16  Probe  
  38  3:22  Phoenix  
  38  3:24  Probe  
  35  3:30  Pylon  
  35  3:32  Probe  
  35  3:33  Stargate  
  37  3:45  Probe  
  37  3:48  Phoenix  
  40  3:50  Probe  
  40  3:52  Assimilator  
  40  3:53  Probe  
  41  3:58  Probe  
  41  4:02  Probe  
  43  4:07  Assimilator  
  43  4:08  Phoenix, Probe  
  44  4:13  Phoenix  
  44  4:14  Probe  
  44  4:16  Probe  
  48  4:23  Phoenix  
  51  4:24  Probe  
  51  4:26  Probe  
  53  4:35  Probe  
  53  4:38  Phoenix, Probe  
  57  4:44  Pylon  
  57  4:48  Phoenix  
  59  4:54  Probe x2  
  61  5:04  Fleet Beacon  
  61  5:09  Phoenix  
  63  5:14  Phoenix  
  63  5:15  Probe  
  63  5:18  Probe  
  67  5:21  Pylon  
  67  5:29  Anion Pulse-Crystals  
  67  5:32  Pylon  
  67  5:36  Phoenix  
  67  5:39  Phoenix  
  71  5:43  Pylon  
  71  5:57  Phoenix  
  71  6:01  Phoenix  
  73  6:05  Nexus  
  75  6:16  Phoenix  
  75  6:17  Probe x2, Pylon  
  77  6:22  Phoenix  
  79  6:29  Probe  
  82  6:40  Probe  
  87  6:47  Forge  
  87  6:48  Probe  
Tags
 
Add a new tag
Caveats
  • Supply blocks, unpowered buildings, or Contaminate may cause inaccurate times.
  • Supply counts are checked every 10 seconds.